 Dungeon Crawl Stone Soup version 0.28-a0-1236-gb25a51b929 (webtiles) character file.

Game seed: 8077823647327804143

10865 browni3141 the Cleaver (level 11, -6/99 HPs)
             Began as a Ghoul Gladiator on Dec 25, 2021.
             Was a Priest of Makhleb.
             Mangled by a freezing wraith (8 damage)
             ... led by a death knight
             ... on level 11 of the Dungeon.
             The game lasted 00:22:27 (11448 turns).

browni3141 the Cleaver (Ghoul Gladiator)           Turns: 11448, Time: 00:22:28

Health: -6/99      AC: 12    Str: 23    XL:     11   Next: 68%
Magic:  17/17      EV: 14    Int:  3    God:    Makhleb [***...]
Gold:   634        SH:  0    Dex: 19    Spells: 10/10 levels left

rFire   + . .      SeeInvis .   r - +4 executioner's axe of Pixotin {flame, +Blink rF+ Dex+3}
rCold   + . .      Faith    .   (shield currently unavailable)
rNeg    + + +      Spirit   .   w - +3 chain mail
rPois   ∞          Reflect  .   c - +0 helmet
rElec   .          Harm     .   (no cloak)
rCorr   .          Rampage  .   (no gloves)
Will    .....                   (no boots)
Stlth   ..........              (no amulet)
HPRegen 0.00/turn               j - +4 ring of evasion
MPRegen 0.15/turn               q - +6 ring of dexterity

@: inhibited regen, slowed, very slow
A: claws 1, cold resistance 1, negative energy resistance 3, inhibited
regeneration, torment resistance 2
a: Renounce Religion, Evoke Blink, Minor Destruction, Lesser Servant of Makhleb


You were on level 11 of the Dungeon.
You worshipped Makhleb.
Makhleb was most pleased with you.
You visited 1 branch of the dungeon, and saw 11 of its levels.
You also visited: Sewer.

You collected 724 gold pieces.
You spent 90 gold pieces at shops.

Inventory:

Hand Weapons
 a - a +1 war axe
 r - the +4 executioner's axe of Pixotin (weapon) {flame, +Blink rF+ Dex+3}
   (You acquired it on level 5 of the Dungeon)

   It burns those it strikes, dealing additional fire damage.
   Big, fiery blades are also staple armaments of hydra-hunters.
   Dex:       It affects your dexterity (+3).
   rF:        It protects you from fire.
   +Blink:    It lets you blink.
Missiles
 e - 26 poisoned darts
 l - 2 boomerangs
 y - 2 silver boomerangs
 G - a throwing net
Armour
 b - a +0 leather armour
 c - a +0 helmet (worn)
 w - a +3 chain mail (worn)
Jewellery
 j - a +4 ring of evasion (left claw)
 q - a +6 ring of dexterity (right claw)
 t - a +4 ring of evasion
 x - a ring of fire
 A - a ring of flight
Wands
 z - a wand of flame (1)
 I - a wand of digging (2)
Scrolls
 d - 2 scrolls of summoning
 f - 2 scrolls of magic mapping
 i - 2 scrolls of enchant weapon
 k - 8 scrolls of teleportation
 n - 2 scrolls of blinking
 v - 2 scrolls of enchant armour
 B - a scroll of fog
 C - a scroll of noise {unknown}
 E - a scroll of brand weapon {unknown}
 F - 3 scrolls of fear
 H - a scroll of immolation {unknown}
 J - a scroll of amnesia {unknown}
 K - 2 scrolls of identify
Potions
 g - 4 potions of lignification
 h - 2 potions of heal wounds {unknown}
 m - 7 potions of curing {unknown}
 o - 4 potions of attraction {unknown}
 p - a potion of resistance {unknown}
 s - a potion of brilliance {unknown}
 u - 3 potions of cancellation {unknown}
 D - 3 potions of haste {unknown}
 L - a potion of invisibility {unknown}


   Skills:
 + Level 9.8 Fighting
 * Level 10.9 Axes
 - Level 3.0 Throwing
 - Level 2.1 Armour
 - Level 3.6 Dodging
 - Level 6.0 Stealth
 + Level 9.7 Invocations


You had 10 spell levels left.
You didn't know any spells.
Your spell library contained the following spells:

 Spells                   Type           Power      Damage    Failure   Level
 Pain                     Necr           0%         1d4       99%         1
 Blink                    Tloc           0%         N/A       100%        2
 Call Canine Familiar     Summ           0%         N/A       100%        3
 Lesser Beckoning         Tloc           0%         N/A       100%        3
 Portal Projectile        Hex/Tloc       0%         N/A       100%        3
 Tukima's Dance           Hex            0%         N/A       100%        3
 Leda's Liquefaction      Hex/Erth       0%         N/A       100%        4
 Passage of Golubria      Tloc           0%         N/A       100%        4
 Agony                    Necr           0%         N/A       100%        5
 Excruciating Wounds      Necr           0%         N/A       100%        5
 Manifold Assault         Tloc           0%         N/A       100%        5
 Yara's Violent Unravell  Hex/Tmut       0%         3d3       100%        5


Dungeon Overview and Level Annotations

Branches:
Dungeon (11/15)            Temple (0/1) D:7            Lair (0/6) D:11
    Orc (0/2) D:11          Sewer (visited)

Altars:
Makhleb

Shops:
D:1 [   D:2 **:[[   D:9 =


Innate Abilities, Weirdness & Mutations

You thrive by killing the living.
You are immune to poison.
You have sharp fingernails.
Your flesh is cold resistant. (rC+)
You are immune to negative energy. (rN+++)
You do not regenerate when monsters are visible.
You are immune to unholy pain and torment.


Message History

Found a stone staircase leading up.
You see here 25 stones.
The freezing wraith hits you! The freezing wraith freezes you. You resist.
The freezing wraith hits you but does no damage.
You see here a +0 club.
You closely miss the freezing wraith.
The freezing wraith hits you but does no damage. x2
You slash the freezing wraith! You burn the freezing wraith.
The freezing wraith is moderately damaged.
The freezing wraith hits you! The freezing wraith freezes you! You resist.
The freezing wraith hits you. The freezing wraith drains your vigour!
You feel yourself slow down. The freezing wraith hits you.
The freezing wraith freezes you! You resist.
The freezing wraith barely misses you.
You hit the freezing wraith but do no damage.
The freezing wraith is moderately damaged.
The freezing wraith hits you but does no damage.
The freezing wraith hits you! The freezing wraith drains your vigour!
You feel as though you will be slow longer.
The freezing wraith hits you! The freezing wraith freezes you. You resist.
The freezing wraith closely misses you.
The freezing wraith hits you but does no damage.
The freezing wraith misses you.
The freezing wraith hits you but does no damage. x2
The freezing wraith hits you.
* * * LOW HITPOINT WARNING * * *
The freezing wraith freezes you! You resist.
* * * LOW HITPOINT WARNING * * *
The freezing wraith barely misses you.
The freezing wraith hits you but does no damage. x2
The freezing wraith hits you but does no damage.
The freezing wraith hits you.
* * * LOW HITPOINT WARNING * * *
The freezing wraith completely misses you. x2
The freezing wraith hits you!
* * * LOW HITPOINT WARNING * * *
The freezing wraith freezes you! You resist.
* * * LOW HITPOINT WARNING * * *
The freezing wraith hits you!
You die...

##........##..#
#'##########.##
##........##...#
##...####.......#
#.8.##..##.8....##
###...'...)'......>#
..#.8.##..##.8....##
..##...####.....W.#
...##........##.@.#
....#'##########.##
...##........##..#
..##...####......#
#.....##..##....##
#...8.'..()'.8..#
##....##..##...##
###...####[..##
##.......###


You could see a freezing wraith.

Vanquished Creatures
  4 two-headed ogres
  Psyche (D:8)
  2 trolls
  Grinder (D:3)
  A meliai zombie (D:7)
  17 yaks
  A hog (D:9)
  Menkaure (D:6)
  A steam dragon (D:8)
  2 wargs (D:11)
  2 water moccasins
  3 orc warriors (D:11)
  2 black bears
  3 sky beasts
  Pargi (Sewer)
  3 ogres
  A necrophage (D:8)
  2 wolves (D:8)
  2 centaurs
  2 phantoms (D:7)
  Blork the orc (D:4)
  2 bullfrogs
  A water moccasin skeleton (D:5)
  2 wyvern skeletons
  8 wights
  4 howler monkeys
  A centaur zombie (D:8)
  2 gnoll shamans (D:8)
  2 bullfrog skeletons
  A bullfrog zombie (D:6)
  5 hounds
  2 jellies
  4 orc priests
  3 iguanas
  3 orc wizards
  A hound zombie (D:5)
  A hound skeleton (D:5)
  A howler monkey skeleton (D:4)
  2 howler monkey zombies
  23 gnolls
  An ufetubus (D:5)
  An adder skeleton (D:4)
  22 orcs
  6 ball pythons
  7 endoplasms
  10 giant cockroaches
  9 hobgoblins
  6 jackals
  8 quokkas
  5 bats
  12 frilled lizards
  6 goblins
  10 kobolds
  3 rats (D:1)
227 creatures vanquished.

Vanquished Creatures (collateral kills)
  A two-headed ogre (D:9)
  Grum (D:8)
2 creatures vanquished.

Vanquished Creatures (others)
  7 plants (D:3)
7 creatures vanquished.

Grand Total: 236 creatures vanquished

Notes
Turn   | Place    | Note
-------+----------+-------------------------------------------
     0 | D:1      | browni3141 the Ghoul Gladiator began the quest for the Orb.
     0 | D:1      | Reached XP level 1. HP: 17/17 MP: 0/0
   124 | D:1      | Reached skill level 1 in Stealth
   130 | D:1      | Reached XP level 2. HP: 25/25 MP: 1/1
   326 | D:1      | Found Mauhe's Armour Shoppe.
   761 | D:1      | Reached skill level 3 in Axes
   761 | D:1      | Reached XP level 3. HP: 30/30 MP: 2/2
   766 | D:1      | Found a faded altar of an unknown god.
   879 | D:2      | Reached XP level 4. HP: 7/38 MP: 3/3
  1324 | D:2      | Found Icuecon's Assorted Antiques.
  1390 | D:2      | Found Unlywoda's Book Shop.
  1407 | D:2      | Found Qucukhluf's Antique Armour Shoppe.
  1460 | D:2      | Found Fiebo's Armour Shoppe.
  1520 | D:2      | Found a burning altar of Makhleb.
  1553 | D:2      | Became a worshipper of Makhleb the Destroyer
  1671 | D:2      | Found Gafaxt's General Store.
  1680 | D:2      | Bought a scroll of blinking for 90 gold pieces
  1864 | D:3      | Noticed Grinder
  1873 | D:3      | Paralysed by Grinder for 6 turns
  1888 | D:3      | Killed Grinder
  1889 | D:3      | Reached XP level 5. HP: 27/46 MP: 4/4
  1889 | D:3      | Reached XP level 6. HP: 31/52 MP: 5/5
  2177 | D:3      | Found a glowing drain.
  2193 | D:3      | Reached skill level 5 in Stealth
  2205 | Sewer    | Entered a sewer
  2270 | Sewer    | Reached * piety under Makhleb
  2287 | Sewer    | Noticed Pargi
  2292 | Sewer    | Killed Pargi
  2293 | Sewer    | Reached skill level 4 in Axes
  3011 | D:4      | Noticed Blork the orc
  3025 | D:4      | Killed Blork the orc
  3026 | D:4      | Reached XP level 7. HP: 9/60 MP: 6/6
  3294 | D:4      | Reached skill level 1 in Invocations
  3336 | D:4      | Reached ** piety under Makhleb
  3579 | D:4      | Reached skill level 1 in Armour
  3631 | D:4      | Reached XP level 8. HP: 15/67 MP: 7/9
  4120 | D:5      | Entered Level 5 of the Dungeon
  4183 | D:5      | Reached skill level 5 in Fighting
  4425 | D:5      | Found a burning altar of Makhleb.
  4830 | D:5      | Identified a scroll of acquirement
  4832 | D:5      | Acquired the +4 executioner's axe of Pixotin {flame, +Blink
                  | rF+ Dex+3}
  4852 | D:6      | Noticed a troll
  4866 | D:6      | Killed a troll
  4867 | D:6      | Reached skill level 5 in Axes
  5109 | D:6      | Reached skill level 5 in Invocations
  5109 | D:6      | Reached XP level 9. HP: 72/75 MP: 11/11
  5159 | D:6      | Noticed Menkaure
  5162 | D:6      | Killed Menkaure
  5199 | D:6      | Reached *** piety under Makhleb
  5389 | D:6      | Reached skill level 6 in Axes
  6257 | D:7      | Reached skill level 7 in Axes
  6295 | D:7      | Found a staircase to the Ecumenical Temple.
  6683 | D:8      | Noticed Psyche
  6692 | D:8      | Killed Psyche
  6693 | D:8      | Reached XP level 10. HP: 86/86 MP: 12/14
  6735 | D:8      | Noticed Grum
  6758 | D:8      | Killed Grum
  6759 | D:8      | Reached skill level 8 in Axes
  6789 | D:8      | Reached **** piety under Makhleb
  7273 | D:8      | Reached skill level 9 in Axes
  7784 | D:9      | Noticed Joseph
  7790 | D:9      | Noticed Joseph
  7790 | D:9      | Joseph changed into Joseph the hog
  7794 | D:9      | Killed Joseph the hog
  7987 | D:9      | Found Heegap's Jewellery Shop.
  7990 | D:9      | Noticed a two-headed ogre
  8017 | D:9      | Killed a two-headed ogre
  8018 | D:9      | Reached XP level 11. HP: 61/95 MP: 16/16
  8996 | D:10     | Entered Level 10 of the Dungeon
  9018 | D:10     | Noticed a two-headed ogre
  9032 | D:10     | Killed a two-headed ogre
  9033 | D:10     | Reached skill level 10 in Axes
  9331 | D:10     | Noticed a two-headed ogre
  9719 | D:10     | Killed a two-headed ogre
  9849 | D:11     | Noticed a two-headed ogre
  9857 | D:11     | Noticed a two-headed ogre
  9858 | D:11     | Killed a two-headed ogre
  9875 | D:11     | Found a staircase to the Lair.
  9934 | D:11     | Killed a two-headed ogre
 10177 | D:11     | Found a staircase to the Orcish Mines.
 10533 | D:11     | Noticed a death knight
 11448 | D:11     | HP: 2/99 [freezing wraith[a death knight] (9)]
 11448 | D:11     | Mangled by a freezing wraith

Illustrated notes

Levels and vault maps discovered:
D:1:      dpeg_arrival_prison, layout_basic,
          hellmonk_ecumenical_altar_inner_sanctum, serial_shops, shop,
          minmay_tetromino_o4
D:2:      layout_basic, serial_shops, shop, nicolae_shop_window_shopping, shop,
          nicolae_lakefront_shop, shop, basic_altar
D:3:      layout_basic, gup_sewer_entry_pipe, minmay_lizard_king, uniq_grinder
D:4:      layout_cave_pools, uniq_blork_the_orc
D:5:      layout_rooms, mainiacjoe_overflow_six_doors_small
D:6:      layout_cave_pods, kennysheep_potato, uniq_menkaure
D:7:      layout_loops_ring, minmay_temple_entry_enclosed_plants
D:8:      layout_rooms, uniq_grum, uniq_psyche
D:9:      layout_loops_ring, serial_shops, nicolae_stop_n_shop_1, uniq_joseph
D:10:     layout_rooms
D:11:     layout_basic, lair_entry_dummy, david_orc_1_choice

Skill      XL: |  1  2  3  4  5  6  7  8  9 10 11 |
---------------+----------------------------------+-----
Stealth        | 1 2 3 4 5 6 |  6.0
Axes           | 3 4 5 7 9 10 | 10.9
Fighting       | 3 4 5 7 8 9 |  9.8
Invocations    | 2 5 7 8 9 |  9.7
Throwing       | 2 3 |  3.0
Dodging        | 3 |  3.6
Armour         | 1 2 |  2.1

Action                   |  1- 3 |  4- 6 |  7- 9 | 10-12 || total
-------------------------+-------+-------+-------+-------++-------
Melee: War axe           |    73 |   121 |   125 |       ||   319
       Executioner's axe |       |       |   106 |   161 ||   267
Throw: Throwing net      |       |     3 |     1 |       ||     4
       Boomerang         |       |    20 |    18 |    14 ||    52
       Dart              |       |     1 |    16 |    28 ||    45
Invok: Minor Destruction |       |       |     7 |    28 ||    35
       Lesser Servant of |       |       |       |     6 ||     6
Evoke: Wand              |       |       |     3 |    24 ||    27
  Use: Scroll            |       |     4 |     3 |     3 ||    10
 Stab: Sleeping          |     2 |    10 |     1 |       ||    13
Armor: Leather armour    |    30 |    11 |    14 |       ||    55
       Chain mail        |       |       |   122 |    73 ||   195
Dodge: Dodged            |    63 |   112 |   224 |   133 ||   532

Table legend: (Time is in decaauts)
 A = Elapsed time spent in this place.
 B = Non-inter-level travel time spent in this place.
 C = Inter-level travel time spent in this place.
 D = Time resting spent in this place.
 E = Time spent auto-exploring this place.
 F = Levels seen in this place.
 G = Mean time per level.
                   A        B        C        D        E       F      G
               +--------+--------+--------+--------+--------+-----+--------+
         Total |  11694 |  11407 |    287 |    994 |   8100 |  12 |  974.5 |
       Dungeon |  11515 |  11228 |    287 |    994 |   7999 |  11 | 1046.8 |
         Sewer |    178 |    178 |      0 |      0 |    101 |   1 |  178.0 |
               +--------+--------+--------+--------+--------+-----+--------+

Top non-repeatable levels by time:
    D:11: 1664 daAuts
     D:9: 1267 daAuts
     D:8: 1176 daAuts
     D:4: 1127 daAuts
     D:3: 1026 daAuts
     D:6: 1026 daAuts
     D:2: 1002 daAuts
     D:1: 879 daAuts
    D:10: 814 daAuts
     D:7: 796 daAuts
     D:5: 735 daAuts
   Sewer: 178 daAuts
